 Dungeon Crawl Stone Soup version 0.21-a0-426-g98080a9 (webtiles) character file.

13 mastercheaf21 the Ruffian (level 2, -1/21 HPs)
             Began as an Octopode Berserker on Nov 7, 2017.
             Was a Follower of Trog.
             Slain by an ooze (3 damage)
             ... on level 2 of the Dungeon.
             The game lasted 00:02:23 (508 turns).

mastercheaf21 the Ruffian (Octopode Berserker)       Turns: 508, Time: 00:02:24

Health: -1/21      AC:  1    Str: 16    XL:     2   Next: 37%
Magic:  2/2        EV: 14    Int:  9    God:    Trog [*.....]
Gold:   40         SH:  0    Dex: 11    Spells: 1/1 levels left

rFire    x . .     SeeInvis .     - Unarmed
rCold    + . .     Gourm    .   (no shield)
rNeg     . . .     Faith    .   (helmet restricted)
rPois    .         Spirit   .   (no amulet)
rElec    .         Reflect  .   d - ring of ice
rCorr    .         Harm     .   (no ring)
MR       .....                  (no ring)
Stlth    +++.......             (no ring)
HPRegen  0.07/turn              (no ring)
MPRegen  0.08/turn              (no ring)
                                (no ring)
                                (no ring)

@: no status effects
A: almost no armour, stealthy swim, amphibious, 8 rings, constrict 8, camouflage
1, gelatinous body 1
a: Berserk, Burn Spellbooks, Renounce Religion


You were on level 2 of the Dungeon.
You worshipped Trog.
Trog was aware of your devotion.
You were not hungry.

You visited 1 branch of the dungeon, and saw 2 of its levels.

You collected 40 gold pieces.

Inventory:

Jewellery
 d - a ring of ice (left tentacle)
Potions
 c - a potion of flight {unknown}
Comestibles
 a - a bread ration
 b - a royal jelly


   Skills:
 - Level 3.0 Fighting
 - Level 3.0 Dodging
 * Level 2.9 Stealth
 - Level 3.0 Unarmed Combat


You had one spell level left.
You didn't know any spells.

Dungeon Overview and Level Annotations

Branches:
Dungeon (1/15)

Altars:


Innate Abilities, Weirdness & Mutations

You cannot wear most types of armour.
You are very stealthy in the water. (Stealth+)
You are amphibious.
You can wear up to eight rings at the same time.
You can use your tentacles to constrict eight enemies at once.
Your skin changes colour to match your surroundings (Stealth+).
Your rubbery body absorbs attacks. (AC +1, EV +1)


Message History

You closely miss the goblin. Your grab misses the goblin.
Your squeeze misses the goblin. The goblin barely misses you.
The ooze barely misses you.
You closely miss the goblin. You grab the goblin. You constrict the goblin.
The goblin misses you.
You tentacle-slap the goblin.
You kill the goblin!
Trog accepts your kill. The ooze hits you. The ooze hits you.
* * * LOW HITPOINT WARNING * * *
Things that are here:
a club; a hunting sling; 25 stones The ooze barely misses you.
The ooze hits you.
* * * LOW HITPOINT WARNING * * *
You tentacle-slap the ooze.
The ooze is moderately wounded.
The ooze hits you.
You die...

# .# #####.###
#........
#########.....####
.......†#.........
#######.#.@...###
#######.#)J..!....
#.........###.####
#.##......# #
#.##.##..##
#.##.##..####.#
#.##...†......#
#.##.##..####.#
#.##..#..#


You could see an ooze.

Vanquished Creatures
  A ball python (D:1)
  2 bats (D:2)
  3 giant cockroaches (D:1)
  A goblin (D:2)
  A hobgoblin (D:1)
  A kobold (D:1)
  2 rats (D:1)
  A fungus (D:1)
12 creatures vanquished.

Notes
Turn   | Place    | Note
-------+----------+-------------------------------------------
     0 | D:1      | mastercheaf21 the Octopode Berserker began the quest for the Orb.
     0 | D:1      | Reached XP level 1. HP: 16/16 MP: 1/1
    98 | D:1      | Reached skill level 1 in Stealth
   204 | D:1      | Reached XP level 2. HP: 9/21 MP: 2/2
   420 | D:1      | You fall through a shaft!
   508 | D:2      | Slain by an ooze

Vault maps used:
D:1:      dpeg_arrival_prison

Skill      XL: |  1 |
---------------+----+-----
Stealth        | 2 |  2.9
Fighting       | |  3.0
Dodging        | |  3.0
Unarmed Combat | |  3.0

Action                   || total
-------------------------++-------
Melee: Unarmed           ||    35
       Constrict         ||     8
       Tentacles         ||     7
       Punch             ||     1
 Stab: Sleeping          ||     3
Armor: Skin              ||     2
Dodge: Dodged            ||    20

Table legend:
 A = Spawn XP
 B = Non-spawn XP
 C = Spawn XP percentage of total XP
 D = Spawn monster count
 E = Non-spawn monster count
 F = Spawn count percentage of total count
 G = Total turns spent on level
                    A         B        C        D         E        F      G
               +---------+---------+-------+---------+---------+-------+---------
         Total |       0 |      19 |   0.0 |       0 |      11 |   0.0 |   508
               +---------+---------+-------+---------+---------+-------+---------
           D:1 |       0 |      14 |   0.0 |       0 |       8 |   0.0 |   420
           D:2 |       0 |       5 |   0.0 |       0 |       3 |   0.0 |    88
               +---------+---------+-------+---------+---------+-------+---------
